 Dungeon Crawl Stone Soup version 0.29.0-11-gd7f09526c8 (webtiles) character file.

Game seed: 4539701868309891265

110 Zeldest the Ruffian (level 4, 0/45 HPs)
             Began as a Troll Fighter on Sept 4, 2022.
             Succumbed to an orc wizard's poison
             ... on level 4 of the Dungeon.
             The game lasted 00:02:22 (526 turns).

Zeldest the Ruffian (Troll Fighter)                  Turns: 526, Time: 00:02:23

Health: 0/45       AC:  4    Str: 23 (26) XL:     4   Next: 61%
Magic:  3/3        EV:  8    Int:  3 (4)  God:
Gold:   112        SH:  0    Dex:  8 (9)  Spells: 3/3 levels left

rFire   + . .      SeeInvis .     - Unarmed
rCold   + . .      Faith    .   b - +0 kite shield
rNeg    . . .      Spirit   .   a - +0 robe
rPois   +          Reflect  .   (helmet restricted)
rElec   +          Harm     .   (no cloak)
rCorr   +          Rampage  .   (gloves unavailable)
Will    .....                   (boots unavailable)
Stlth   +.........              (no amulet)
HPRegen 0.95/turn               (no ring)
MPRegen 0.08/turn               (no ring)

@: confused, lethally poisoned (0 -> -1), resistant
A: large, unfitting armour, claws 3, regeneration 1, shaggy fur 1, tough skin 1
a: no special abilities


You were on level 4 of the Dungeon.
You visited 1 branch of the dungeon, and saw 4 of its levels.

You collected 112 gold pieces.

Inventory:

Armour
 a - a +0 robe (worn)
 b - a +0 kite shield (worn)
Scrolls
 e - 2 scrolls of fog {unknown}
 f - a scroll of poison {unknown}
 g - 2 scrolls of identify {unknown}
 h - a scroll of blinking {unknown}
 k - a scroll of teleportation {unknown}
Potions
 c - a potion of might


   Skills:
 + Level 3.0 Fighting
 - Level 2.4 Dodging
 + Level 3.3 Shields
 * Level 3.7 Unarmed Combat


You had 3 spell levels left.
You didn't know any spells.
Your spell library contained the following spells:

 Spells                   Type           Power      Damage    Failure   Level
 Static Discharge         Conj/Air       0%         3-3/arc   91%         2
 Lightning Bolt           Conj/Air       0%         1d11      100%        5
 Maxwell's Capacitive Co  Air            0%         ∞         100%        8


Dungeon Overview and Level Annotations

Branches:
Dungeon (3/15)

Altars:


Innate Abilities, Weirdness & Mutations

You are too large for most types of armour.
You have claws for hands.
Your natural rate of healing is unusually fast.
You are covered in fur. (AC +1)
You have tough skin. (AC +1)


Message History

Something hits you.
* * * LOW HITPOINT WARNING * * *
You are more poisoned.
The orc throws a boomerang.
You block the boomerang.
It was a potion of heal wounds.
You feel much better.
You feel very sick. Something hits you but does no damage.
You are more poisoned.
The orc throws a boomerang.
You block the boomerang.
Okay, then.
Okay, then.
It was a potion of resistance.
You feel protected.
You feel extremely sick. Something hits you but does no damage.
The orc throws a boomerang.
You block the boomerang.
You completely miss something.
You feel very sick. Something hits you.
You barely miss something.
You feel very sick. Something hits you but does no damage.
You scratch something.
You feel very sick.
You hear some strange, mumbled words.
You are confused.
You barely miss something.
You feel very sick. Something hits you but does no damage.
You barely miss something.
You feel sick. Something hits you but does no damage.
The orc throws a boomerang.
The boomerang barely misses you. Something hits you.
* * * LOW HITPOINT WARNING * * *
You bump into the rock wall.
You feel sick.
You hear some strange, mumbled words.
A magic dart appears from out of thin air!
The magic dart hits you.
* * * LOW HITPOINT WARNING * * *
You closely miss something.
You die...

#.. #.# ...
#.# #.# #
#.#####.#
##.###.......#
#.o{@.?.#
......####.#
##.#.### #.#
...... #.#
###.##.##.#
#.......#
##......# ###.
#.#.#..#.....
##.#..........


You could see an orc.

Vanquished Creatures
  An orc priest (D:4)
  3 adders (D:2)
  A worm (D:3)
  A dart slug (D:1)
  An orc (D:4)
  3 endoplasms
  4 goblins
  4 jackals (D:1)
  2 quokkas
  4 ball pythons (D:2)
  A frilled lizard (D:1)
  A kobold (D:2)
  2 rats (D:1)
28 creatures vanquished.

Vanquished Creatures (others)
  An orc wizard (D:4)
1 creature vanquished.

Grand Total: 29 creatures vanquished

Notes
Turn   | Place    | Note
-------+----------+-------------------------------------------
     0 | D:1      | Zeldest the Troll Fighter began the quest for the Orb.
     0 | D:1      | Reached XP level 1. HP: 22/22 MP: 0/0
    54 | D:1      | Reached XP level 2. HP: 29/29 MP: 1/1
   208 | D:2      | Reached XP level 3. HP: 36/36 MP: 2/2
   431 | D:2      | You fall into a shaft and drop 1 floor!
   480 | D:2      | You fall into a shaft and drop 2 floors!
   507 | D:4      | Reached XP level 4. HP: 31/45 MP: 3/3
   525 | D:4      | HP: 1/45 [something/magic dart (6)]
   526 | D:4      | Succumbed to an orc wizard's poison

Illustrated notes

Levels and vault maps discovered:
D:1:      onia_arrival_handbag, layout_rooms
D:2:      layout_basic, serial_shops, nicolae_shop_window_shopping,
          hellmonk_ecumenical_altar_pennies_from_heaven, minmay_quadrilaterals
D:3:      cheibrodos_greedy_goblins, layout_rooms, uniq_robin,
          uniq_crazy_yiuf_cottage
D:4:      layout_loops_cross

Skill      XL: |  1  2  3 |
---------------+----------+-----
Shields        | 3 |  3.3
Unarmed Combat | 3 |  3.7
Fighting       | 3 |  3.0
Dodging        | |  2.4

Action                   |  1- 3 |  4- 6 || total
-------------------------+-------+-------++-------
Melee: Unarmed           |    97 |    13 ||   110
  Use: Potion            |       |     3 ||     3
Armor: Robe              |    30 |     7 ||    37
Dodge: Dodged            |    28 |     2 ||    30
Block: Kite shield       |    27 |     4 ||    31
